 Dungeon Crawl Stone Soup version 0.27.0-1-g7a089689b8 (console) character file.

Game seed: 13666215651225645734

266 jejorda2 the Vexing (level 6, -1/44 HPs)
             Began as a Vampire Enchanter on Aug 11, 2021.
             Slain by Duvessa (4 damage)
             ... on level 4 of the Dungeon.
             The game lasted 00:12:45 (2598 turns).

jejorda2 the Vexing (Vampire Enchanter)             Turns: 2598, Time: 00:12:45

Health: -1/44      AC:  3    Str:  8    XL:     6   Next: 0%
Magic:  4/9        EV: 11    Int: 18    God:
Gold:   178        SH:  0    Dex: 15    Spells: 4/9 levels left

rFire    . . .     SeeInvis +   a - +1 dagger
rCold    . . .     Faith    .   (no shield)
rNeg     . . .     Spirit   .   p - +0 leather armour
rPois    .         Reflect  .   (no helmet)
rElec    .         Harm     .   (no cloak)
rCorr    .         Rampage  .   (no gloves)
Will     .....                  (no boots)
Stlth    +++.......             (no amulet)
HPRegen  0.34/turn              (no ring)
MPRegen  0.11/turn              (no ring)

@: healing quickly
A: alive, fangs 3, see invisible, vampiric 2
a: Exsanguinate


You were on level 4 of the Dungeon.
You visited 1 branch of the dungeon, and saw 4 of its levels.

You collected 178 gold pieces.

Inventory:

Hand Weapons
 a - a +1 dagger (weapon)
 f - a +0 short sword
 o - a +0 falchion
Missiles
 e - 16 poisoned darts (quivered)
 n - a throwing net
Armour
 p - a +0 leather armour (worn)
Potions
 g - a potion of might {unknown}
 h - 2 potions of cancellation
 i - 3 potions of brilliance
 l - a potion of resistance {unknown}
 q - a potion of attraction {unknown}


   Skills:
 + Level 2.1 Fighting
 * Level 4.2 Short Blades
 - Level 2.1 Dodging
 - Level 4.4 Stealth
 - Level 2.1 Spellcasting
 + Level 6.0 Hexes
 - Level 2.0 Ice Magic


You had 4 spell levels left.
You knew the following spells:

 Your Spells              Type           Power      Damage    Failure   Level
a - Ensorcelled Hibernat  Hex/Ice        32%        N/A       8%          2
z - Confusing Touch       Hex            23%        N/A       7%          3

Your spell library contained the following spells:

 Spells                   Type           Power      Damage    Failure   Level
 Corona                   Hex            25%        N/A       2%          1
 Tukima's Dance           Hex            23%        N/A       7%          3
 Dazzling Flash           Conj/Hex       24%        N/A       22%         3
 Portal Projectile        Hex/Tloc       24%        N/A       22%         3
 Leda's Liquefaction      Hex/Erth       6%         N/A       58%         4
 Call Canine Familiar     Summ           1%         N/A       61%         3


Dungeon Overview and Level Annotations

Branches:
Dungeon (4/15)
 Temple: D:4-7

Altars:

Annotations:
D:4 Dowan, Duvessa


Innate Abilities, Weirdness & Mutations

Your natural rate of healing is accelerated.
You have razor-sharp teeth.
You have supernaturally acute eyesight. (SInv)
You are afflicted with vampirism and can become a bat while bloodless.


Message History

Duvessa hits you with a +0 rapier!
Dowan shouts!
You hit Duvessa but do no damage.
Duvessa appears confused.
Duvessa hits you with a +0 rapier.
You barely miss Duvessa. You bite Duvessa.
Duvessa is lightly wounded.
Dowan points at Duvessa and mumbles some strange words.
Duvessa seems to speed up.
You hit Duvessa but do no damage.
Duvessa is lightly wounded.
Casting: Confusing Touch (dangerous; 7% risk of failure)
Confirm with . or Enter, or press ? or * to list all spells.
Your hands begin to glow red.
Dowan says, "Magic and the sword, together, will defeat you."
Dowan points at you and mumbles some strange words.
The puff of flame hits you!
* * * LOW HITPOINT WARNING * * *
You hit Duvessa but do no damage. You bite Duvessa, but do no damage.
Duvessa is lightly wounded.
You hit Duvessa but do no damage. Your bite misses Duvessa.
Duvessa is lightly wounded.
Duvessa hits you with a +0 rapier.
* * * LOW HITPOINT WARNING * * *
Unknown command.
Duvessa mumbles something.
Duvessa closely misses Dowan.
Your hands stop glowing.
Items here: ) †.
Duvessa seems less confused.
Duvessa says, "My weaknesses are his strengths!"
Duvessa barely misses you.
Dowan gestures wildly while chanting.
Dowan blinks!
Duvessa completely misses you. Duvessa barely misses you.
Duvessa says, "My weaknesses are his strengths!"
Duvessa hits you with a +0 rapier.
* * * LOW HITPOINT WARNING * * *
Duvessa hits you with a +0 rapier.
You die...

###### .... ####.##
......#
####..################
.# #...)e......e@...<#
.# #.#################
.###.# $'...# .###.###
.# #...# ## #.#.#
#.#.# #.#.#


You could see Duvessa (fast).

Vanquished Creatures
  Sigmund (D:3)
  A hound skeleton (D:3)
  3 adders
  2 worms
  2 dart slugs
  3 orcs
  9 endoplasms
  4 giant cockroaches
  3 goblins
  3 hobgoblins (D:2)
  3 jackals (D:2)
  4 quokkas
  2 ball pythons (D:3)
  8 bats
  4 frilled lizards
  5 kobolds
  7 rats
64 creatures vanquished.

Notes
Turn   | Place    | Note
-------+----------+-------------------------------------------
     0 | D:1      | jejorda2 the Vampire Enchanter began the quest for the Orb.
     0 | D:1      | Reached XP level 1. HP: 13/13 MP: 3/3
   151 | D:1      | Reached XP level 2. HP: 19/20 MP: 3/5
   154 | D:1      | Learned a level 2 spell: Ensorcelled Hibernation
   560 | D:1      | Reached skill level 1 in Ice Magic
   648 | D:1      | You fall into a shaft and drop 1 floor!
   798 | D:2      | Gained mutation: You are afflicted with vampirism and can
                  | become a bat while bloodless. [Vampire growth]
   798 | D:2      | Reached XP level 3. HP: 25/25 MP: 6/6
   831 | D:2      | Reached skill level 1 in Fighting
  1458 | D:2      | Reached XP level 4. HP: 29/32 MP: 7/7
  1473 | D:2      | Learned a level 3 spell: Confusing Touch
  1822 | D:3      | Reached skill level 5 in Hexes
  2076 | D:3      | Noticed Sigmund
  2084 | D:3      | Killed Sigmund
  2085 | D:3      | Reached XP level 5. HP: 38/38 MP: 5/8
  2304 | D:3      | Found a faded altar of an unknown god.
  2493 | D:4      | Reached skill level 6 in Hexes
  2521 | D:4      | Reached XP level 6. HP: 12/44 MP: 2/9
  2560 | D:4      | Noticed Duvessa
  2562 | D:4      | Noticed Dowan
  2598 | D:4      | Slain by Duvessa

Illustrated notes

Levels and vault maps discovered:
D:1:      lightli_molten_gateway, layout_rooms
D:2:      layout_rooms
D:3:      layout_rooms, shapermc_ecumenical_altar_mp_vishouse, uniq_sigmund
D:4:      layout_basic, mainiacjoe_overflow_paths, mainiacjoe_overflow_alcove_3,
          enter_ossuary_4, uniq_duvessa, uniq_edmund, uniq_blork_the_orc,
          uniq_robin

Skill      XL: |  1  2  3  4  5 |
---------------+----------------+-----
Short Blades   | 2 4 |  4.2
Ice Magic      | 1 2 |  2.0
Fighting       | 1 2 |  2.1
Hexes          | 5 6 |  6.0
Dodging        | |  2.1
Stealth        | |  4.4
Spellcasting   | |  2.1

Action                   |  1- 3 |  4- 6 || total
-------------------------+-------+-------++-------
Melee: Dagger            |   155 |   101 ||   256
       Bite              |    11 |     7 ||    18
Throw: Dart              |       |     7 ||     7
 Cast: Corona            |     3 |       ||     3
       Ensorcelled Hiber |    23 |    15 ||    38
       Confusing Touch   |       |     2 ||     2
  Use: Scroll            |       |     7 ||     7
 Stab: Sleeping          |    18 |    10 ||    28
Armor: Robe              |    32 |     6 ||    38
       Leather armour    |       |    11 ||    11
Dodge: Dodged            |    94 |    48 ||   142
